 Dungeon Crawl Stone Soup version 0.29.0-11-gd7f09526c8 (webtiles) character file.

Game seed: 5085091605952991261

14 GloriousHammer the Caller (level 2, -4/11 HPs)
             Began as a Felid Summoner on Sept 5, 2022.
             Slain by a quokka (5 damage)
             ... on level 1 of the Dungeon.
             The game lasted 00:01:18 (562 turns).

GloriousHammer the Caller (Felid Summoner)           Turns: 562, Time: 00:01:19

Health: -4/11      AC:  1    Str:  4    XL:     2   Next: 31%
Magic:  2/6        EV: 17    Int: 16    God:
Gold:   8          SH:  0    Dex: 16    Spells: 4/5 levels left
                                        Lives:  0   Deaths: 0

rFire   . . .      SeeInvis +   (weapon unavailable)
rCold   . . .      Faith    .   (shield unavailable)
rNeg    . . .      Spirit   .   (body armour unavailable)
rPois   .          Reflect  .   (helmet unavailable)
rElec   .          Harm     .   (cloak unavailable)
rCorr   .          Rampage  .   (gloves unavailable)
Will    .....                   (boots unavailable)
Stlth   ++........              (no amulet)
HPRegen 0.03/turn               (no ring)
MPRegen 0.10/turn               (no ring)

@: quick
A: very small, claws 1, fangs 3, see invisible, speed 1, shaggy fur 1, stealthy
paws, no weapons or thrown items, no armour, multi-lived
a: no special abilities


You were on level 1 of the Dungeon.
You visited 1 branch of the dungeon, and saw 1 of its levels.

You collected 8 gold pieces.

Inventory:

Jewellery
 W - a ring of willpower
Scrolls
 c - a scroll of identify {unknown}
 d - a scroll of magic mapping {unknown}
 f - 3 scrolls of teleportation {unknown}
Potions
 a - a potion of magic
 b - a potion of flight {unknown}
 e - a potion of curing {unknown}


   Skills:
 - Level 2.6 Dodging
 - Level 2.6 Stealth
 + Level 2.4 Spellcasting
 + Level 4.3 Summonings


You had 4 spell levels left.
You knew the following spells:

 Your Spells              Type           Power      Damage    Failure   Level
a - Summon Small Mammal   Summ           60%        N/A       3%          1

Your spell library contained the following spells:

 Spells                   Type           Power      Damage    Failure   Level
 Call Imp                 Summ           15%        N/A       4%          2
 Call Canine Familiar     Summ           15%        N/A       10%         3
 Summon Guardian Golem    Hex/Summ       8%         N/A       24%         3
 Sublimation of Blood     Necr           1%         N/A       30%         2
 Summon Lightning Spire   Summ/Air       8%         N/A       63%         4
 Petrify                  Tmut/Erth      1%         N/A       89%         4
 Irradiate                Conj/Tmut      0%         3d11      99%         5


Dungeon Overview and Level Annotations

Branches:
Dungeon (1/15)

Altars:


Innate Abilities, Weirdness & Mutations

You have sharp claws.
You have razor-sharp teeth.
You have supernaturally acute eyesight. (SInv)
You cover ground quickly. (Speed+)
You are covered in fur. (AC +1)
Your paws help you pounce on unaware monsters.
You are incapable of wielding weapons or throwing items.
You cannot wear armour.
You gain extra lives every three experience levels.


Message History

Your bat's corpse disappears in a puff of smoke!
Your bat hits the quokka but does no damage.
Your bat closely misses the quokka.
The quokka barely misses your bat.
Casting: Summon Small Mammal (safe; 3% risk of failure)
Confirm with . or Enter, or press ? or * to list all spells.
Your bat hits the quokka but does no damage.
Your bat barely misses the quokka.
The quokka barely misses your bat.
You swap places.
Your bat hits the quokka. The quokka completely misses your bat.
Your bat hits the quokka but does no damage.
The quokka bites your bat.
Your bat dies!
Your bat's corpse disappears in a puff of smoke!
The quokka barely misses your quokka.
Your quokka closely misses the quokka.
Your quokka closely misses the quokka.
The quokka barely misses your quokka.
Your quokka barely misses the quokka.
The quokka barely misses your quokka.
Your quokka completely misses the quokka.
The quokka misses your quokka.
Your quokka barely misses the quokka.
The quokka bites your quokka. x2
Your quokka closely misses the quokka.
The quokka bites your quokka.
Your quokka closely misses the quokka.
Your quokka barely misses the quokka.
The quokka bites your quokka.
Your quokka dies!
Your quokka's corpse disappears in a puff of smoke!
Casting: Summon Small Mammal (safe; 3% risk of failure)
Confirm with . or Enter, or press ? or * to list all spells.
Casting: Summon Small Mammal (safe; 3% risk of failure)
Confirm with . or Enter, or press ? or * to list all spells.
You swap places.
The quokka closely misses your rat.
Your rat barely misses the quokka.
The quokka bites your rat.
Your rat dies!
Your rat's corpse disappears in a puff of smoke!
Your rat misses the quokka.
You see here a +2 leather armour of fire resistance.
Casting: Summon Small Mammal (safe; 3% risk of failure)
Confirm with . or Enter, or press ? or * to list all spells.
The quokka bites you.
* * * LOW HITPOINT WARNING * * *
The quokka bites you.
You die...

#. #................#..#
#.#####.#...............#.#
######..............##.......#.#
#?......####.......#..#......#.#
#.#####.# #.#....#....#.....#.#
##.#####.# #......#..#.......#..
......##.# ###...#....#......#.#
##:##.##.# #r.r#....#......#.#
#.##.##.# #.@r#....<......#.#
##...r...# #...#........(.#.##
....#.#### #....#(........#.
###..†.#### #....#...(.....#.
#....#....## #.....#.......#..
............###...)..###...#...
.#..#.....#.............###....
.#..#.....#............. ....
###.##...##.............


You could see a quokka (ally target), a friendly quokka (summoned) and a
friendly rat (summoned).

Vanquished Creatures
  A quokka (D:1)
  A rat (D:1)
2 creatures vanquished.

Vanquished Creatures (collateral kills)
  A dart slug (D:1)
  A ball python (D:1)
  2 endoplasms (D:1)
  A goblin (D:1)
  2 hobgoblins (D:1)
  A bat (D:1)
  A frilled lizard (D:1)
9 creatures vanquished.

Grand Total: 11 creatures vanquished

Notes
Turn   | Place    | Note
-------+----------+-------------------------------------------
     0 | D:1      | GloriousHammer the Felid Summoner began the quest for the
                  | Orb.
     0 | D:1      | Reached XP level 1. HP: 7/7 MP: 4/4
   279 | D:1      | Reached XP level 2. HP: 11/11 MP: 4/6
   562 | D:1      | Slain by a quokka

Illustrated notes

Levels and vault maps discovered:
D:1:      dpeg_arrival_solitude, layout_loops_cross, minmay_unequal

Action                   || total
-------------------------++-------
Melee: Unarmed           ||     7
 Cast: Summon Small Mamm ||    26
 Stab: Sleeping          ||     1
Armor: Skin              ||     1
Dodge: Dodged            ||    18
